 Dungeon Crawl Stone Soup version 0.29.1-1-gd02db6906a (webtiles) character file.

Game seed: 7397986802506269094

3549 LabCoat the Cleaver (level 10, -1/88 HPs)
             Began as a Hill Orc Fighter on Sept 19, 2022.
             Was a Follower of Trog.
             Engulfed by a cloud of flame (11 damage)
             ... on level 9 of the Dungeon.
             The game lasted 00:14:40 (4875 turns).

LabCoat the Cleaver (Hill Orc Fighter)              Turns: 4875, Time: 00:14:40

Health: -1/88      AC: 18    Str: 24    XL:     10   Next: 9%
Magic:  10/10      EV:  6    Int:  8    God:    Trog [*.....]
Gold:   314        SH:  7    Dex: 10    Spells: 9/9 levels left

rFire   + . .      SeeInvis .   a - +1 war axe
rCold   + . .      Faith    .   D - +2 buckler
rNeg    . . .      Spirit   .   g - +0 plate armour
rPois   +          Reflect  .   l - +1 helmet
rElec   +          Harm     .   d - +0 cloak
rCorr   +          Rampage  .   x - +0 pair of gloves
Will    .....                   (no boots)
Stlth   ..........              i - amulet of regeneration
HPRegen 1.04/turn               (no ring)
MPRegen 0.12/turn               (no ring)

@: resistant, slowed, very slow
A: no striking features
a: Renounce Religion, Berserk


You were on level 9 of the Dungeon.
You worshipped Trog.
Trog was aware of your devotion.
You visited 2 branches of the dungeon, and saw 9 of its levels.

You collected 314 gold pieces.

Inventory:

Hand Weapons
 a - a +1 war axe (weapon)
 q - a +1 hammer of venom
Missiles
 s - 4 poisoned darts (quivered)
 B - 5 boomerangs
Armour
 d - a +0 cloak (worn)
 g - a +0 plate armour (worn)
 l - a +1 helmet (worn)
 x - a +0 pair of gloves (worn)
 D - a +2 buckler (worn)
Jewellery
 i - an amulet of regeneration (around neck)
 y - a ring of see invisible
Wands
 b - a wand of polymorph (1)
 c - a wand of roots (6)
 t - a wand of flame (9)
Scrolls
 f - 2 scrolls of enchant weapon
 j - a scroll of amnesia
 k - a scroll of poison {unknown}
 m - a scroll of fog
 n - a scroll of brand weapon {unknown}
 p - a scroll of fear
 r - a scroll of teleportation
 v - a scroll of immolation
Potions
 h - 3 potions of mutation
 o - a potion of degeneration {unknown}
 u - a potion of resistance
 z - a potion of lignification {unknown}
 C - a potion of cancellation {unknown}


   Skills:
 + Level 7.8 Fighting
 * Level 10.9 Axes
 + Level 3.6 Throwing
 + Level 7.1 Armour
 + Level 6.9 Shields
 + Level 4.0 Evocations


You had 9 spell levels left.
You didn't know any spells.
Your spell library contained the following spells:

 Spells                   Type           Power      Damage    Failure   Level
 Sting                    Tmut/Pois      0%         1d3       100%        1
 Ensorcelled Hibernation  Hex/Ice        0%         N/A       100%        2
 Passwall                 Tmut/Erth      0%         N/A       100%        2
 Poisonous Vapours        Pois/Air       0%         N/A       100%        2
 Call Canine Familiar     Summ           0%         N/A       100%        3
 Portal Projectile        Hex/Tloc       0%         N/A       100%        3
 Spider Form              Tmut/Pois      0%         N/A       100%        3
 Swiftness                Air            0%         N/A       100%        3
 Anguish                  Hex/Necr       0%         N/A       100%        4
 Leda's Liquefaction      Hex/Erth       0%         N/A       100%        4
 Olgreb's Toxic Radiance  Pois           0%         N/A       100%        4


Dungeon Overview and Level Annotations

Branches:
Dungeon (9/15)             Temple (1/1) D:6             Orc (0/2) D:9
   Lair: D:8-11

Altars:
Cheibriados
Elyvilon
Fedhas
Gozag
Kikubaaqudgha
Makhleb
Nemelex Xobeh
Okawaru
Qazlal
Sif Muna
Trog
Uskayaw
Vehumet
Wu Jian
Yredelemnul
The Shining One


Message History

Gastronok is engulfed in blazing flames.
Flame seeps out of Gastronok.
Gastronok bites you but does no damage.
Unknown command.
You are engulfed in blazing flames.
* * * LOW HITPOINT WARNING * * *
Okay, then.
There are monsters nearby!
Gastronok gurgles, "I'll eat you, I will!"
Okay, then.
Throw: 5 darts (poison)
Press: ? - help, Q - select action, (/) - cycle Shift-Dir - straight line, f - Gastronok
Aim: Gastronok, wearing a +0 hat (heavily wounded, inner flame, covering ground quickly, 93% to hit)
You throw a poisoned dart. The poisoned dart hits Gastronok.
Gastronok is poisoned.
Gastronok is heavily wounded.
Flame seeps out of Gastronok.
Gastronok is engulfed in blazing flames.
Flame seeps out of Gastronok.
It was a potion of resistance.
You feel protected.
Flame seeps out of Gastronok.
Gastronok is engulfed in blazing flames.
Trog accepts your kill.
Trog appreciates your killing of a magic user.
The river rat disappears in a puff of smoke!
Gastronok explodes!
The fiery explosion engulfs the orc zombie!!!
Trog accepts your kill. The fiery explosion engulfs you! You resist.
* * * LOW HITPOINT WARNING * * *
The orc zombie explodes!
Your Axes skill increases to level 10!
Your Throwing skill increases to level 3!
Your Armour skill increases to level 7!
Your Evocations skill increases to level 4!
You have reached level 10!
You feel stronger.
Okay, then.
You are engulfed in blazing flames.
You resist.
You die...

####### #.....> #......
...###################......
.......§°§§@.........#......
..####Z############.'......
#..# ###...... #Z{W.Z#
######'


.ZZZ8ZZZZZ. ####. Z.c.ZZ.WZZ... #.... #.ZZZ......Z.. ######'### #..............
#......... w.8.....>.....8 #......... You could see a hobgoblin zombie.

Vanquished Creatures
  Gastronok (D:9)
  Sigmund (D:4)
  A shadow (D:9)
  Grum (D:9)
  Menkaure (D:4)
  A water moccasin (D:6)
  Duvessa (D:6)
  An orc warrior (D:4)
  2 wolves (D:9)
  An ogre (D:4)
  A centaur (D:9)
  A tengu (D:9)
  4 phantoms
  A bullfrog (D:9)
  A gnoll sergeant (D:6)
  A scorpion (D:6)
  Dowan (D:6)
  2 howler monkeys
  2 hounds
  An iron imp (D:6)
  Crazy Yiuf (D:3)
  A gnoll bouda (D:6)
  3 orc priests (D:4)
  4 iguanas
  An ogre zombie (D:9)
  8 gnolls (D:6)
  8 adders
  3 dart slugs
  6 orcs
  2 bats
  6 endoplasms
  7 giant cockroaches
  7 goblins
  4 hobgoblins
  8 jackals
  6 kobolds
  2 quokkas
  6 ball pythons
  5 frilled lizards
  A goblin skeleton (D:9)
  An orc skeleton (D:9)
  2 orc zombies (D:9)
  6 rats
124 creatures vanquished.

Notes
Turn   | Place    | Note
-------+----------+-------------------------------------------
     0 | D:1      | LabCoat the Hill Orc Fighter began the quest for the Orb.
     0 | D:1      | Reached XP level 1. HP: 19/19 MP: 1/1
    76 | D:1      | Reached skill level 3 in Axes
    82 | D:1      | Reached XP level 2. HP: 24/27 MP: 2/2
   144 | D:1      | Found a faded altar of an unknown god.
   647 | D:1      | Reached XP level 3. HP: 33/33 MP: 3/3
  1621 | D:3      | Reached skill level 4 in Axes
  1621 | D:3      | Reached XP level 4. HP: 37/40 MP: 4/4
  1727 | D:3      | Found a hide-covered altar of Uskayaw.
  2083 | D:3      | Found a runed translucent door.
  2084 | D:3      | Noticed Crazy Yiuf
  2091 | D:3      | Killed Crazy Yiuf
  2092 | D:3      | Reached XP level 5. HP: 38/47 MP: 5/5
  2575 | D:4      | Noticed Sigmund
  2578 | D:4      | Noticed an orc warrior
  2592 | D:4      | Reached skill level 5 in Axes
  2595 | D:4      | Killed Sigmund
  2596 | D:4      | Reached skill level 5 in Fighting
  2596 | D:4      | Reached XP level 6. HP: 39/56 MP: 6/6
  2597 | D:4      | Reached skill level 6 in Axes
  2607 | D:4      | Killed an orc warrior
  2608 | D:4      | Reached XP level 7. HP: 27/61 MP: 7/7
  2703 | D:4      | Reached skill level 7 in Axes
  2703 | D:4      | Reached skill level 5 in Armour
  2703 | D:4      | Reached skill level 5 in Shields
  2775 | D:4      | Found a faded altar of an unknown god.
  2775 | D:4      | Found a white marble altar of Elyvilon.
  2783 | D:4      | Found a faded altar of an unknown god.
  2785 | D:4      | Found a basalt altar of Yredelemnul.
  2787 | D:4      | Found a sparkling altar of Nemelex Xobeh.
  2811 | D:4      | Noticed Menkaure
  2817 | D:4      | Killed Menkaure
  2915 | D:4      | Reached XP level 8. HP: 70/70 MP: 8/8
  3167 | D:5      | Entered Level 5 of the Dungeon
  3834 | D:6      | Reached skill level 1 in Throwing
  3837 | D:6      | Reached skill level 1 in Evocations
  3910 | D:6      | Reached skill level 8 in Axes
  4014 | D:6      | Found a staircase to the Ecumenical Temple.
  4024 | Temple   | Entered the Ecumenical Temple
  4031 | Temple   | Became a worshipper of Trog the Wrathful
  4387 | D:6      | Found a snail-covered altar of Cheibriados.
  4387 | D:6      | Noticed Dowan
  4388 | D:6      | Noticed Duvessa
  4391 | D:6      | Killed Dowan
  4410 | D:6      | Killed Duvessa
  4418 | D:6      | Reached skill level 9 in Axes
  4651 | D:7      | You fall into a shaft and drop 2 floors!
  4656 | D:9      | Noticed Grum
  4665 | D:9      | Reached XP level 9. HP: 56/78 MP: 9/9
  4675 | D:9      | Killed Grum
  4781 | D:9      | Noticed a hornet
  4782 | D:9      | a hornet changed into a tengu
  4810 | D:9      | Found a staircase to the Orcish Mines.
  4811 | D:9      | Noticed Gastronok
  4856 | D:9      | Reached * piety under Trog
  4874 | D:9      | Killed Gastronok
  4875 | D:9      | Reached skill level 10 in Axes
  4875 | D:9      | Reached XP level 10. HP: 10/88 MP: 10/10
  4875 | D:9      | Engulfed by a cloud of flame

Illustrated notes

Levels and vault maps discovered:
D:1:      elethiomel_arrival_infinity_welcomes_careful_drivers, layout_rooms,
          hellmonk_ecumenical_altar_dog_temple
D:2:      layout_loops_corners
D:3:      layout_basic, nicolae_uskayaw_murder_on_the_dancefloor,
          uniq_crazy_yiuf_cottage
D:4:      layout_rooms, chequers_temple_overflow_minitemple,
          kennysheep_small_spiral, minmay_misc_feat_pillars,
          kennysheep_generic_room_14, uniq_menkaure, uniq_sigmund
D:5:      layout_loops_ring, columned_hall_lemuel, hangedman_decor_points
D:6:      layout_loops_ring, slow_altar_1, minmay_temple_entry_sparse_star,
          serial_glass, glass_columns_b, glass_columns_a, uniq_duvessa
D:7:      layout_loops_ring, regret_index_temple_of_mockery,
          ashenzari_conservatory_becter, gammafunk_temple_overflow_forgotten,
          hellmonk_guarded_unrand_gong
D:9:      layout_roguey, zombieorc2_lemuel, uniq_gastronok, uniq_grum
Temple:   nicolae_temple_ecumenical_triangle

Skill      XL: |  1  2  3  4  5  6  7  8  9 |
---------------+----------------------------+-----
Axes           | 3 4 5 6 7 9 10 | 10.9
Fighting       | 4 5 6 7 |  7.8
Armour         | 4 5 6 7 |  7.1
Shields        | 4 5 6 |  6.9
Throwing       | 2 3 |  3.6
Evocations     | 2 4 |  4.0

Action                   |  1- 3 |  4- 6 |  7- 9 | 10-12 || total
-------------------------+-------+-------+-------+-------++-------
Melee: War axe           |    82 |    90 |   204 |       ||   376
Throw: Dart              |       |     2 |     4 |       ||     6
Evoke: Wand              |       |       |    14 |       ||    14
  Use: Scroll            |     8 |     2 |     3 |       ||    13
       Potion            |       |     5 |     9 |       ||    14
Armor: Scale mail        |    30 |    40 |       |       ||    70
       Skin              |       |    17 |       |       ||    17
       Plate armour      |       |       |   126 |       ||   126
Dodge: Dodged            |    38 |    45 |    61 |       ||   144
Block: Buckler           |    17 |    22 |    69 |       ||   108
